 Dungeon Crawl Stone Soup version 0.23.1 (webtiles) character file.

Game seed: 8551850784619193782

1115 night the Martial Artist (level 8, -3/56 HPs)
             Began as a Demonspawn Gladiator on Mar 19, 2019.
             Was a Believer of Cheibriados.
             Slain by an ice beast (10 damage)
             ... on level 5 of the Dungeon.
             The game lasted 00:11:21 (4785 turns).

night the Martial Artist (Demonspawn Gladiator)     Turns: 4785, Time: 00:11:22

Health: -3/56      AC: 18    Str: 18    XL:     8   Next: 12%
Magic:  0/8        EV: 12    Int: 17    God:    Cheibriados [**....]
Gold:   266        SH:  0    Dex: 18    Spells: 7/7 levels left

rFire    . . .     SeeInvis .     - Unarmed
rCold    . . .     Gourm    .   (no shield)
rNeg     . . .     Faith    .   e - +1 ring mail
rPois    .         Spirit   +   (helmet restricted)
rElec    .         Reflect  .   (no cloak)
rCorr    .         Harm     .   (no gloves)
MR       .....                  (no boots)
Stlth    +.........             (no amulet)
HPRegen  0.18/turn              b - ring of wizardry
MPRegen  0.11/turn              (no ring)

@: sanguine armour, very slow
A: horns 2, magic shield, sanguine armour 3
a: Bend Time, Renounce Religion


You were on level 5 of the Dungeon.
You worshipped Cheibriados.
Cheibriados was pleased with you.
You were not hungry.

You visited 2 branches of the dungeon, and saw 6 of its levels.

You collected 266 gold pieces.

Inventory:

Missiles
 c - 3 throwing nets
 k - 101 stones (quivered)
 q - 29 arrows
 w - 110 sling bullets
 B - 4 steel javelins
 G - 14 bolts
Armour
 e - a +1 ring mail (worn)
Jewellery
 b - a ring of wizardry (left hand)
 f - a cursed amulet of inaccuracy {unknown}
 i - an uncursed ring of poison resistance {unknown}
 r - an uncursed ring of fire {unknown}
 A - an uncursed amulet of rage {unknown}
Scrolls
 a - 7 scrolls of identify
 o - a scroll of enchant armour
 t - 3 scrolls of teleportation
 D - 3 scrolls of amnesia
Potions
 g - a potion of brilliance {unknown}
 h - 6 potions of curing
 j - a potion of heal wounds {unknown}
 l - a potion of degeneration {unknown}
 n - a potion of experience {unknown}
 p - a potion of cancellation {unknown}
 s - a potion of lignification {unknown}
 u - a potion of magic {unknown}
 x - a potion of invisibility {unknown}
 z - 3 potions of flight {unknown}
 E - a potion of resistance {unknown}
 F - a potion of might {unknown}
Comestibles
 d - 6 rations
 m - 6 chunks of flesh


   Skills:
 - Level 2.0 Fighting
 - Level 1.7 Throwing
 - Level 2.6 Dodging
 + Level 9.2 Unarmed Combat


You had 7 spell levels left.
You didn't know any spells.
Your spell library contained the following spells:

 Spells                   Type           Power        Failure   Level  Hunger
 Beastly Appendage        Tmut           #.....       16%         1    ##.....
 Flame Tongue             Conj/Fire      #....        16%         1    ##.....
 Sticks to Snakes         Tmut           #.......     26%         2    ###....
 Spider Form              Tmut/Pois      #.........   43%         3    ####...
 Cause Fear               Hex            #.........   82%         4    #####..
 Ice Form                 Ice/Tmut       #.......     82%         4    #####..
 Blade Hands              Tmut           #.........   98%         5    ######.
 Bolt of Fire             Conj/Fire      #.........   100%        6    #######
 Dragon Form              Tmut           #.........   100%        7    #######
 Dragon's Call            Summ           #.........   100%        9    #######


Dungeon Overview and Level Annotations

Branches:
Dungeon (5/15)             Temple (1/1) D:4

Altars:
Ashenzari
Cheibriados
Dithmenos
Fedhas
Gozag
Kikubaaqudgha
Makhleb
Okawaru
Ru
Sif Muna
Trog
Uskayaw
Vehumet
Yredelemnul
Zin
The Shining One
Lugonu


Innate Abilities, Weirdness & Mutations

You have a pair of horns on your head.
When hurt, damage is shared between your health and your magic reserves.
When seriously injured, your bleeding wounds create very thick armour. (AC +12)


Message History

The ice beast is severely wounded.
The ice beast barely misses you.
Your ring mail prevents you from hitting the ice beast.
You headbutt the ice beast.
The ice beast is almost dead.
The ice beast hits you.
* * * LOW HITPOINT WARNING * * *
The ice beast freezes you.
* * * LOW HITPOINT WARNING * * *
You barely miss the ice beast.
The ice beast is almost dead.
The ice beast hits you but does no damage.
You closely miss the ice beast.
The ice beast is almost dead.
You hit the ice beast.
The ice beast is almost dead.
The ice beast hits you.
* * * LOW HITPOINT WARNING * * *
The ice beast freezes you!
You die...

#.# #####.#
####...#)######
.......#......#
#...#.####.##
##.#.........
#####.......##.##
##.#.#.#.#(##...##
#.....>@(...##.####.#
##.#.#Y#)#.###......#
........##.######
#.#.#.#.###'#
..........#...
#.#.#.#.#.#....
.................
.#.# #.#.#.#.....
.........


You could see an ice beast.

Vanquished Creatures
  An ice beast (D:5)
  2 ogres (D:5)
  3 centaurs (D:5)
  2 howler monkeys
  3 crimson imps
  3 orc wizards (D:5)
  A hound (D:4)
  An iguana (D:5)
  2 worker ants
  Terence (D:2)
  A howler monkey zombie (D:5)
  A worker ant zombie (D:5)
  8 adders
  An adder skeleton (D:5)
  6 worms
  2 dart slugs
  3 leopard geckos
  15 orcs
  8 bats
  3 giant cockroaches
  8 goblins
  10 hobgoblins
  16 jackals
  A quokka (D:2)
  2 ball pythons (D:3)
  6 frilled lizards
  A jackal zombie (D:5)
  3 kobolds
  5 rats
119 creatures vanquished.

Notes
Turn   | Place    | Note
-------+----------+-------------------------------------------
     0 | D:1      | night the Demonspawn Gladiator began the quest for the Orb.
     0 | D:1      | Reached XP level 1. HP: 16/16 MP: 1/1
    25 | D:1      | Reached skill level 3 in Unarmed Combat
   178 | D:1      | Gained mutation: You have a pair of small horns on your
                  | head. [demonic ancestry]
   178 | D:1      | Reached XP level 2. HP: 22/22 MP: 2/2
   879 | D:2      | Gained mutation: You have a pair of horns on your head.
                  | [demonic ancestry]
   879 | D:2      | Reached XP level 3. HP: 27/27 MP: 3/3
  1109 | D:2      | Reached skill level 4 in Unarmed Combat
  1333 | D:2      | Found a shattered altar of Ashenzari.
  1397 | D:2      | Noticed Terence
  1418 | D:2      | Killed Terence
  1418 | D:2      | Gained mutation: When hurt, damage is shared between your
                  | health and your magic reserves. [demonic ancestry]
  1418 | D:2      | Reached XP level 4. HP: 28/33 MP: 4/4
  1727 | D:2      | Reached skill level 5 in Unarmed Combat
  1912 | D:2      | Found a burning altar of Makhleb.
  1922 | D:2      | Gained mutation: When seriously injured, your bleeding
                  | wounds create armour. (AC +12) [demonic ancestry]
  1922 | D:2      | Reached XP level 5. HP: 38/38 MP: 5/5
  2025 | D:3      | Found a hide-covered altar of Uskayaw.
  2207 | D:3      | Found a shadowy altar of Dithmenos.
  2569 | D:3      | Found a sacrificial altar of Ru.
  2569 | D:3      | Found a blossoming altar of Fedhas.
  2727 | D:3      | Found a deep blue altar of Sif Muna.
  2958 | D:4      | Reached skill level 6 in Unarmed Combat
  3045 | D:4      | Found a staircase to the Ecumenical Temple.
  3068 | Temple   | Entered the Ecumenical Temple
  3105 | Temple   | Became a worshipper of Cheibriados the Contemplative
  3166 | D:4      | Gained mutation: When seriously injured, your bleeding
                  | wounds create thick armour. (AC +12) [demonic ancestry]
  3166 | D:4      | Reached XP level 6. HP: 44/44 MP: 6/6
  3582 | D:4      | Found a basalt altar of Yredelemnul.
  3852 | D:5      | Entered Level 5 of the Dungeon
  3927 | D:5      | Reached * piety under Cheibriados
  3999 | D:5      | Reached skill level 7 in Unarmed Combat
  4086 | D:5      | Reached XP level 7. HP: 50/50 MP: 7/7
  4186 | D:5      | Reached skill level 8 in Unarmed Combat
  4587 | D:5      | Reached skill level 9 in Unarmed Combat
  4587 | D:5      | Gained mutation: When seriously injured, your bleeding
                  | wounds create very thick armour. (AC +12) [demonic
                  | ancestry]
  4587 | D:5      | Reached XP level 8. HP: 27/56 MP: 1/8
  4635 | D:5      | Reached ** piety under Cheibriados
  4763 | D:5      | Identified the +7 dagger of the Viper {freeze, +Inv rC+
                  | Str+4}
  4785 | D:5      | Slain by an ice beast

Skill      XL: |  1  2  3  4  5  6  7 |
---------------+----------------------+-----
Unarmed Combat | 3 4 5 6 7 9 |  9.2
Fighting       | |  2.0
Throwing       | |  1.7
Dodging        | |  2.6

Action                   |  1- 3 |  4- 6 |  7- 9 || total
-------------------------+-------+-------+-------++-------
Melee: Unarmed           |   108 |   228 |   112 ||   448
       Headbutt          |    13 |    36 |    25 ||    74
       Punch             |     1 |     5 |     8 ||    14
Throw: Stone             |       |       |     5 ||     5
Invok: Bend Time         |       |       |     1 ||     1
  Use: Scroll            |       |    10 |       ||    10
 Stab: Sleeping          |     1 |       |       ||     1
  Eat: Chunk             |     2 |     9 |     1 ||    12
Armor: Leather armour    |     3 |       |       ||     3
       Ring mail         |    26 |    62 |    37 ||   125
Dodge: Dodged            |    73 |   120 |    54 ||   247
